 Dungeon Crawl Stone Soup version 0.27.1-3-gb3d3a73c9e (webtiles) character file.

Game seed: 13675850095744027468

86 Descartes the Magician (level 4, -3/24 HPs)
             Began as a Deep Elf Wanderer on Oct 9, 2021.
             Slain by an iguana (7 damage)
             ... on level 4 of the Dungeon.
             The game lasted 00:06:27 (3470 turns).

Descartes the Magician (Deep Elf Wanderer)          Turns: 3470, Time: 00:06:28

Health: -3/24      AC:  4    Str: 12    XL:     4   Next: 26%
Magic:  8/13       EV: 10    Int: 16    God:
Gold:   121        SH:  0    Dex: 13    Spells: 2/14 levels left

rFire    . . .     SeeInvis .   a - +0 dagger
rCold    . . .     Faith    .   (no shield)
rNeg     . . .     Spirit   .   o - +0 leather armour
rPois    .         Reflect  .   (no helmet)
rElec    .         Harm     .   (no cloak)
rCorr    .         Rampage  .   (no gloves)
Will     .....                  e - +0 pair of boots
Stlth    +.........             (no amulet)
HPRegen  0.08/turn              (no ring)
MPRegen  0.13/turn              (no ring)

@: no status effects
A: no striking features
a: no special abilities


You were on level 4 of the Dungeon.
You visited 1 branch of the dungeon, and saw 4 of its levels.

You collected 121 gold pieces.

Inventory:

Hand Weapons
 a - a +0 dagger (weapon)
Missiles
 d - 40 arrows
 l - 3 javelins (quivered)
 q - 39 stones
 s - 11 poisoned darts
Armour
 b - a +0 robe
 e - a +0 pair of boots (worn)
 o - a +0 leather armour (worn)
Wands
 t - a wand of acid (6)
Scrolls
 f - a scroll of fear {unknown}
 h - 6 scrolls of identify {unknown}
 k - a scroll of magic mapping {unknown}
 m - a scroll of holy word {unknown}
 n - a scroll of teleportation {unknown}
 r - a scroll of brand weapon {unknown}
Potions
 c - a potion of lignification
 g - a potion of mutation {unknown}
 i - a potion of resistance {unknown}
 j - a potion of curing
 p - a potion of magic {unknown}
 u - a potion of haste {unknown}


   Skills:
 - Level 1.0 Throwing
 + Level 1.3 Stealth
 + Level 1.5 Shields
 - Level 5.8 Spellcasting
 + Level 2.0 Conjurations
 - Level 1.3 Hexes
 - Level 1.1 Summonings
 + Level 1.0 Translocations
 * Level 2.5 Fire Magic
 - Level 2.1 Ice Magic


You had 2 spell levels left.
You knew the following spells:

 Your Spells              Type           Power      Damage    Failure   Level
a - Foxfire               Conj/Fire      48%        2x1d6     7%          1
b - Magic Dart            Conj           44%        1d5       8%          1
c - Blink                 Tloc           N/A        N/A       17%         2
d - Apportation           Tloc           16%        N/A       12%         1
e - Ignite Poison         Fire/Tmut/Pois 7%         N/A       36%         3
f - Airstrike             Air            2%         N/A       87%         4

Your spell library contained the following spells:

 Spells                   Type           Power      Damage    Failure   Level
 Shock                    Conj/Air       28%        1d4       12%         1
 Slow                     Hex            9%         N/A       16%         2
 Call Imp                 Summ           8%         N/A       17%         2
 Conjure Flame            Conj/Fire      12%        6-21      21%         3
 Inner Flame              Hex/Fire       10%        N/A       24%         3
 Mephitic Cloud           Conj/Pois/Air  6%         N/A       38%         3
 Swiftness                Air            4%         N/A       47%         3
 Cause Fear               Hex            4%         N/A       71%         4
 Bolt of Magma            Conj/Fire/Erth 4%         4d5       95%         5
 Alistair's Intoxication  Tmut/Pois      2%         N/A       99%         5
 Invisibility             Hex            4%         N/A       100%        6
 Discord                  Hex            4%         N/A       100%        8


Dungeon Overview and Level Annotations

Branches:
Dungeon (4/15)
 Temple: D:4-7

Altars:
Ru
Zin


Message History

Confirm with . or Enter, or press ? or * to list all spells.
You conjure some foxfire!
Casting: Foxfire (safe; 7% risk of failure)
Confirm with . or Enter, or press ? or * to list all spells.
You conjure some foxfire!
The foxfire hits the iguana but does no damage.
The foxfire hits the iguana.
The iguana is moderately wounded.
The foxfire hits the iguana.
The iguana is heavily wounded.
The foxfire hits the iguana.
The iguana is heavily wounded.
The iguana misses you.
Casting: Foxfire (safe; 7% risk of failure)
Confirm with . or Enter, or press ? or * to list all spells.
You conjure some foxfire!
The iguana bites you!
* * * LOW HITPOINT WARNING * * *
Casting: Foxfire (safe; 7% risk of failure)
Confirm with . or Enter, or press ? or * to list all spells.
You conjure some foxfire!
The foxfire hits the iguana but does no damage.
The iguana is heavily wounded.
The iguana bites you.
* * * LOW HITPOINT WARNING * * *
The foxfire hits the iguana but does no damage.
The iguana is heavily wounded.
The foxfire hits the iguana but does no damage.
The iguana is heavily wounded.
The foxfire hits the iguana.
The iguana is almost dead.
Casting: Foxfire (safe; 7% risk of failure)
Confirm with . or Enter, or press ? or * to list all spells.
You conjure some foxfire!
The iguana barely misses you.
Your foxfire dissipates!
The foxfire hits the iguana but does no damage.
The iguana is almost dead.
Casting: Foxfire (safe; 7% risk of failure)
Confirm with . or Enter, or press ? or * to list all spells.
You conjure some foxfire!
The iguana bites you!
You die...

#.....#####.......#
#≈≈≈..............#
+..≈≈≈≈≈≈.........#
#...≈..≈≈≈≈.......######
#.....###≈≈≈#####......#
#.....#...≈.....#......#
#.....#.........#...######+
#.....#.........+...#≈....#
#.....#######.@v#...#≈....#
#.lv#...#≈....# .
#...#§..#≈≈≈≈≈#
....#.).#...'#########
......'...'......<......
......#...#.............
......#...#.............
..... #...#.............
..... #+###.............


You could see an iguana (ally target).

Vanquished Creatures
  2 adders
  2 dart slugs (D:1)
  2 orcs
  7 endoplasms
  3 giant cockroaches
  2 goblins (D:1)
  6 hobgoblins
  2 jackals (D:1)
  A quokka (D:3)
  7 ball pythons
  6 bats
  6 frilled lizards
  6 kobolds
  9 rats
61 creatures vanquished.

Vanquished Creatures (others)
  259 foxfires
  A plant (D:4)
260 creatures vanquished.

Grand Total: 321 creatures vanquished

Notes
Turn   | Place    | Note
-------+----------+-------------------------------------------
     0 | D:1      | Descartes the Deep Elf Wanderer began the quest for the
                  | Orb.
     0 | D:1      | Descartes set off with the following items: a +0 dagger, a
                  | +0 robe, a potion of lignification; and the following
                  | spells available to memorise: Slow, Foxfire, Magic Dart,
                  | Call Imp, Blink, Inner Flame, Conjure Flame, Mephitic Cloud
     0 | D:1      | Reached XP level 1. HP: 10/10 MP: 9/9
     2 | D:1      | Learned a level 1 spell: Foxfire
     4 | D:1      | Learned a level 1 spell: Magic Dart
   244 | D:1      | Reached skill level 1 in Conjurations
   244 | D:1      | Reached skill level 1 in Fire Magic
   354 | D:1      | Reached XP level 2. HP: 15/15 MP: 6/10
   592 | D:1      | Learned a level 2 spell: Blink
   660 | D:1      | Found a faded altar of an unknown god.
   821 | D:1      | Reached XP level 3. HP: 16/19 MP: 3/12
  1528 | D:2      | Reached skill level 1 in Stealth
  2130 | D:2      | Found a sacrificial altar of Ru.
  2407 | D:3      | Reached XP level 4. HP: 24/24 MP: 10/13
  2761 | D:3      | Reached skill level 1 in Translocations
  2915 | D:3      | Learned a level 1 spell: Apportation
  3164 | D:3      | Learned a level 3 spell: Ignite Poison
  3169 | D:3      | Learned a level 4 spell: Airstrike
  3256 | D:4      | Found a glowing silver altar of Zin.
  3470 | D:4      | Slain by an iguana

Illustrated notes

Levels and vault maps discovered:
D:1:      psy_arrival_terrarium, layout_basic, basic_ecumenical_altar,
          minmay_shallow_snake_nest
D:2:      layout_basic, basic_altar, minmay_misc_feat_alley
D:3:      layout_loops_cross, grunt_decor_fettered
D:4:      minmay_octagon_keep, layout_gridville, zin_treasury,
          mainiacjoe_overflow_alcove_3, serial_rivers,
          chequers_serial_rivers_small_a, chequers_serial_rivers_room_a,
          chequers_serial_rivers_micro_c, chequers_serial_rivers_room_a,
          chequers_serial_rivers_small_3, serial_shops, nicolae_diamond_shop

Skill      XL: |  1  2  3  4 |
---------------+-------------+-----
Conjurations   | 1 2 |  2.0
Fire Magic     | 1 2 |  2.5
Stealth        | 1 |  1.3
Translocations | 1 |  1.0
Throwing       | |  1.0
Shields        | |  1.5
Spellcasting   | |  5.8
Hexes          | |  1.3
Summonings     | |  1.1
Ice Magic      | |  2.1

Action                   |  1- 3 |  4- 6 || total
-------------------------+-------+-------++-------
Melee: Dagger            |     1 |       ||     1
 Cast: Foxfire           |   106 |    50 ||   156
       Magic Dart        |     2 |       ||     2
Armor: Robe              |     6 |       ||     6
       Leather armour    |     2 |       ||     2
Dodge: Dodged            |    12 |     4 ||    16
